3A
GRAND FORKS CATERPILLARS @ DELAWARE 1787 BC
09/04/2026
 
TOP OF THE 1ST
Grand Forks Caterpillars batting - Pitching for Delaware 1787 BC : LHP Will Hoffman
Pitching: LHP Will Hoffman
Batting: RHB Owen Cannon 0-0: Called Strike
0-1: Ball
1-1: Ball
2-1: Foul Ball, location: 2F
2-2: Ball
3-2: Base on Balls
Batting: LHB Augustus Driscoll 0-0: SINGLE (Line Drive, 89S)
Owen Cannon to second
Batting: RHB Jorge Noutel 0-0: Foul Ball, location: 2F
0-1: Ball
1-1: Swinging Strike
1-2: Strikes out swinging
Batting: LHB Alberto Garza 0-0: Ball
1-0: SINGLE (Line Drive, 7LS)
Owen Cannon to third
Augustus Driscoll to second
Runner from 3rd tries for Home, SAFE, no throw
Batting: SHB Leo Szilard 0-0: Called Strike
0-1: Ball
1-1: Fielders Choice at 2nd, 4-6 (Groundball, 4D)
Augustus Driscoll to third
Batting: LHB Gary Malone 0-0: Fielders Choice at 2nd, 4-6 (Groundball, 34)
Top of the 1st over - 1 run(s), 2 hit(s), 0 error(s), 1 left on base; Grand Forks 1 - Delaware 0
BOTTOM OF THE 1ST
Delaware 1787 BC batting - Pitching for Grand Forks Caterpillars : RHP Paco Rojas
Pitching: RHP Paco Rojas
Batting: RHB Norberto Rivera 0-0: Ground out 6-3 (Groundball, 6)
Batting: RHB Kevin Malone 0-0: Swinging Strike
0-1: Ball
1-1: Fly out, F6 (Flyball, 6D)
Batting: LHB Donovan Inman 0-0: DOUBLE (Flyball, 7)
Batting: LHB Chase Popoff 0-0: Foul Ball, location: 2F
0-1: Ball
1-1: Ground out 4-3 (Groundball, 4)
Bottom of the 1st over - 0 run(s), 1 hit(s), 0 error(s), 1 left on base; Grand Forks 1 - Delaware 0
TOP OF THE 2ND
Grand Forks Caterpillars batting - Pitching for Delaware 1787 BC : LHP Will Hoffman
Batting: RHB Joel Burrell 0-0: Called Strike
0-1: Ball
1-1: Foul Ball, location: 2F
1-2: Foul Ball, location: 2F
1-2: Strikes out looking
Batting: SHB Kel Altagracia 0-0: Ball
1-0: Ball
2-0: Swinging Strike
2-1: Ball
3-1: Reached on error, E6 (Groundball, 6)
Batting: LHB Michael Woodard 0-0: Called Strike
0-1: Ball
1-1: Ball
2-1: Called Strike
2-2: Foul Ball, location: 2F
2-2: Reached on error, E4 (Groundball, 4S)
Kel Altagracia to second
Batting: RHB Owen Cannon 0-0: Called Strike
0-1: Ball
1-1: Fly out, F7 (Flyball, 7S)
Batting: LHB Augustus Driscoll 0-0: Called Strike
0-1: Called Strike
0-2: Ball
1-2: Foul Ball, location: 2F
1-2: SINGLE (Groundball, 34D)
Kel Altagracia to third
Michael Woodard to second
Runner from 3rd tries for Home, SAFE, no throw
Batting: RHB Jorge Noutel 0-0: Ball
1-0: Foul Ball, location: 2F
1-1: Fielders Choice at 2nd, 4-6 (Groundball, 4)
Top of the 2nd over - 1 run(s), 1 hit(s), 2 error(s), 1 left on base; Grand Forks 2 - Delaware 0
BOTTOM OF THE 2ND
Delaware 1787 BC batting - Pitching for Grand Forks Caterpillars : RHP Paco Rojas
Batting: RHB Thurman Blumer 0-0: Ball
1-0: Swinging Strike
1-1: Ball
2-1: SINGLE (Line Drive, 4MD)
Batting: LHB Ward Wilberfoss 0-0: DOUBLE (Flyball, 78D)
Thurman Blumer to third
Batting: RHB Alejandro Sánchez 0-0: Swinging Strike
0-1: Fly out, F8 (Flyball, 8RD)
Runner from 3rd tags up, SCORES, no throw
Batting: RHB Eddie McDoom 0-0: Swinging Strike
0-1: Foul Ball, location: 2F
0-2: Ball
1-2: Strikes out swinging
Batting: RHB Cristóbal García 0-0: Swinging Strike
0-1: Ball
1-1: Called Strike
1-2: Fly out, F8 (Flyball, 8RD)
Bottom of the 2nd over - 1 run(s), 2 hit(s), 0 error(s), 1 left on base; Grand Forks 2 - Delaware 1
TOP OF THE 3RD
Grand Forks Caterpillars batting - Pitching for Delaware 1787 BC : LHP Will Hoffman
Batting: LHB Alberto Garza 0-0: Called Strike
0-1: Ball
1-1: Ball
2-1: Fly out, F7 (Flyball, 7)
Batting: SHB Leo Szilard 0-0: Ball
1-0: Ball
2-0: Called Strike
2-1: Foul Ball, location: 2F
2-2: Foul Ball, location: 2F
2-2: Strikes out swinging
Batting: LHB Gary Malone 0-0: Called Strike
0-1: Called Strike
0-2: Ball
1-2: Foul Ball, location: 2F
1-2: Foul Ball, location: 2F
1-2: Ball
2-2: Foul Ball, location: 2F
2-2: Strikes out swinging
Top of the 3rd over - 0 run(s), 0 hit(s), 0 error(s), 0 left on base; Grand Forks 2 - Delaware 1
BOTTOM OF THE 3RD
Delaware 1787 BC batting - Pitching for Grand Forks Caterpillars : RHP Paco Rojas
Batting: RHB Norberto Rivera 0-0: Ball
1-0: Ball
2-0: Called Strike
2-1: Ground out 5-3 (Groundball, 5)
Batting: RHB Kevin Malone 0-0: Called Strike
0-1: Fly out, F9 (Flyball, 9LSF)
Batting: LHB Donovan Inman 0-0: Hit by Pitch
Pinch Runner at 1st Jim Unknown:
Batting: LHB Chase Popoff 0-0: Ball
1-0: Called Strike
1-1: Ball
Wild Pitch!
Jim Unknown to second
2-1: Swinging Strike
2-2: Foul Ball, location: 2F
2-2: SINGLE (Line Drive, 9LS)
Jim Unknown to third
Runner from 3rd tries for Home, SAFE, no throw
Batting: RHB Thurman Blumer 0-0: Called Strike
0-1: Called Strike
0-2: Ball
1-2: Strikes out swinging
Bottom of the 3rd over - 1 run(s), 1 hit(s), 0 error(s), 1 left on base; Grand Forks 2 - Delaware 2
TOP OF THE 4TH
Grand Forks Caterpillars batting - Pitching for Delaware 1787 BC : LHP Will Hoffman
Now in RF: Jim Unknown
Batting: RHB Joel Burrell 0-0: DOUBLE (Flyball, 8LXD)
Batting: SHB Kel Altagracia 0-0: Ball
1-0: Ball
2-0: DOUBLE (Flyball, 78M)
Joel Burrell scores
Batting: LHB Michael Woodard 0-0: Called Strike
0-1: SINGLE (Groundball, 34D)
Kel Altagracia to third
Batting: RHB Owen Cannon 0-0: DOUBLE (Line Drive, 8LXD)
Kel Altagracia scores
Michael Woodard to third
Batting: LHB Augustus Driscoll 0-0: Ball
1-0: Called Strike
1-1: SINGLE (Groundball, 6MS) (infield hit)
Michael Woodard scores
Owen Cannon to third
Batting: RHB Jorge Noutel 0-0: Called Strike
0-1: Ball
1-1: Swinging Strike
1-2: Strikes out swinging
Batting: LHB Alberto Garza 0-0: Foul Ball, location: 2F
0-1: SINGLE (Flyball, 7S)
Owen Cannon scores
Augustus Driscoll to second
Batting: SHB Leo Szilard 0-0: Ball
1-0: Ground out 5-3 (Groundball, 56S)
Augustus Driscoll to third
Alberto Garza to second
Batting: LHB Gary Malone 0-0: Ball
1-0: Foul Ball, location: 2F
1-1: Fly out, F9 (Flyball, 89M)
Top of the 4th over - 4 run(s), 6 hit(s), 0 error(s), 2 left on base; Grand Forks 6 - Delaware 2
BOTTOM OF THE 4TH
Delaware 1787 BC batting - Pitching for Grand Forks Caterpillars : RHP Paco Rojas
Batting: LHB Ward Wilberfoss 0-0: Fly out, F7 (Flyball, 7S)
Batting: RHB Alejandro Sánchez 0-0: Ball
1-0: Called Strike
1-1: SINGLE (Groundball, 34D)
Batting: RHB Eddie McDoom 0-0: Ball
1-0: Ball
2-0: SINGLE (Line Drive, 9S)
Alejandro Sánchez to second
Runner from 2nd tries for 3rd, SAFE, throw made to third
Batting: RHB Cristóbal García 0-0: Called Strike
0-1: Ball
1-1: Ball
2-1: Swinging Strike
2-2: Ball
3-2: Strikes out swinging
Batting: RHB Norberto Rivera 0-0: Ball
1-0: Ball
2-0: Ball
3-0: Foul Ball, location: 2F
3-1: Foul Ball, location: 2F
3-2: Base on Balls
Eddie McDoom to second
Batting: RHB Kevin Malone 0-0: Foul Ball, location: 2F
0-1: Foul Ball, location: 2F
0-2: Strikes out swinging
Bottom of the 4th over - 0 run(s), 2 hit(s), 0 error(s), 3 left on base; Grand Forks 6 - Delaware 2
TOP OF THE 5TH
Grand Forks Caterpillars batting - Pitching for Delaware 1787 BC : LHP Will Hoffman
Batting: RHB Joel Burrell 0-0: Ground out 1-3 (Groundball, 13S)
Batting: SHB Kel Altagracia 0-0: Fly out, F4 (Popup, 4M)
Batting: LHB Michael Woodard 0-0: Swinging Strike
0-1: Foul Ball, location: 2F
0-2: Foul Ball, location: 2F
0-2: Ball
1-2: Ball
2-2: Ball
3-2: Ground out U3 (Groundball, 3)
Top of the 5th over - 0 run(s), 0 hit(s), 0 error(s), 0 left on base; Grand Forks 6 - Delaware 2
BOTTOM OF THE 5TH
Delaware 1787 BC batting - Pitching for Grand Forks Caterpillars : RHP Paco Rojas
Batting: RHB Jim Unknown 0-0: Called Strike
0-1: Fly out, F9 (Flyball, 9LS)
Batting: LHB Chase Popoff 0-0: Foul Ball, location: 2F
0-1: Fly out, F8 (Flyball, 8LD)
Batting: RHB Thurman Blumer 0-0: Ball
1-0: Foul Ball, location: 2F
1-1: Fly out, F9 (Flyball, 9S)
Bottom of the 5th over - 0 run(s), 0 hit(s), 0 error(s), 0 left on base; Grand Forks 6 - Delaware 2
TOP OF THE 6TH
Grand Forks Caterpillars batting - Pitching for Delaware 1787 BC : LHP Will Hoffman
Batting: RHB Owen Cannon 0-0: Called Strike
0-1: Ball
1-1: Ball
2-1: Foul Ball, location: 2F
2-2: Ball
3-2: Foul Ball, location: 2F
3-2: Foul Ball, location: 2F
3-2: Strikes out swinging
Batting: LHB Augustus Driscoll 0-0: Ball
1-0: DOUBLE (Line Drive, 8RD) - OUT at third base trying to stretch hit.
Batting: RHB Jorge Noutel 0-0: Ground out 6-3 (Groundball, 6M)
Top of the 6th over - 0 run(s), 1 hit(s), 0 error(s), 0 left on base; Grand Forks 6 - Delaware 2
BOTTOM OF THE 6TH
Delaware 1787 BC batting - Pitching for Grand Forks Caterpillars : RHP Paco Rojas
Batting: LHB Ward Wilberfoss 0-0: Ground out 6-3 (Groundball, 6)
Batting: RHB Alejandro Sánchez 0-0: Ball
1-0: Swinging Strike
1-1: Ball
2-1: Ball
3-1: SINGLE (Groundball, 3D)
Batting: RHB Eddie McDoom 0-0: SINGLE (Line Drive, 6MD)
Alejandro Sánchez to second
Batting: RHB Cristóbal García 0-0: Swinging Strike
0-1: Called Strike
0-2: Grounds into double play, 4-6-3 (Groundball, 4)
Bottom of the 6th over - 0 run(s), 2 hit(s), 0 error(s), 1 left on base; Grand Forks 6 - Delaware 2
TOP OF THE 7TH
Grand Forks Caterpillars batting - Pitching for Delaware 1787 BC : LHP Will Hoffman
Batting: LHB Alberto Garza 0-0: Swinging Strike
0-1: Ground out 4-3 (Groundball, 4S)
Batting: SHB Leo Szilard 0-0: Ground out 4-3 (Groundball, 4)
Batting: LHB Gary Malone 0-0: Ball
1-0: Called Strike
1-1: Fly out, F8 (Flyball, 8LM)
Top of the 7th over - 0 run(s), 0 hit(s), 0 error(s), 0 left on base; Grand Forks 6 - Delaware 2
BOTTOM OF THE 7TH
Delaware 1787 BC batting - Pitching for Grand Forks Caterpillars : RHP Paco Rojas
Batting: RHB Norberto Rivera 0-0: Ground out 4-3 (Groundball, 4)
Batting: RHB Kevin Malone 0-0: Foul Ball, location: 2F
0-1: Called Strike
0-2: Ball
1-2: Ball
2-2: Ground out 6-3 (Groundball, 6)
Batting: RHB Jim Unknown 0-0: Called Strike
0-1: Ball
1-1: Swinging Strike
1-2: Foul Ball, location: 2F
1-2: Foul Ball, location: 2F
1-2: Fly out, F9 (Line Drive, 9S)
Bottom of the 7th over - 0 run(s), 0 hit(s), 0 error(s), 0 left on base; Grand Forks 6 - Delaware 2
TOP OF THE 8TH
Grand Forks Caterpillars batting - Pitching for Delaware 1787 BC : LHP Will Hoffman
Batting: RHB Joel Burrell 0-0: Called Strike
0-1: Swinging Strike
0-2: Foul Ball, location: 2F
0-2: Ball
1-2: Fly out, F7 (Flyball, 7S)
Batting: SHB Kel Altagracia 0-0: Called Strike
0-1: Ball
1-1: Ball
2-1: SINGLE (Flyball, 7S)
Batting: LHB Michael Woodard 0-0: Called Strike
0-1: Swinging Strike
0-2: Ball
1-2: Strikes out looking
Pitching: RHP Ismael García
Batting: RHB Owen Cannon 0-0: Ball
1-0: Called Strike
1-1: Ball
2-1: Foul Ball, location: 2F
2-2: Fielders Choice at 2nd, 6-4 (Groundball, 6)
Top of the 8th over - 0 run(s), 1 hit(s), 0 error(s), 0 left on base; Grand Forks 6 - Delaware 2
BOTTOM OF THE 8TH
Delaware 1787 BC batting - Pitching for Grand Forks Caterpillars : RHP Paco Rojas
Pitching: LHP Awad Mahmudnizhad
Batting: LHB Chase Popoff 0-0: Called Strike
0-1: Foul Ball, location: 2F
0-2: Foul Ball, location: 2F
0-2: Ball
1-2: Foul Ball, location: 2F
1-2: Fly out, F1 (Line Drive, 13)
Batting: RHB Thurman Blumer 0-0: Ball
1-0: Ball
2-0: Foul Ball, location: 2F
2-1: Foul Ball, location: 2F
2-2: SOLO HOME RUN (Flyball, 7D), Distance : 362 ft
Batting: LHB Ward Wilberfoss 0-0: Called Strike
0-1: Ball
1-1: Ball
2-1: Ball
3-1: Foul Ball, location: 2F
3-2: SINGLE (Line Drive, 89S)
Pitching: RHP Raúl Flores
Batting: RHB Alejandro Sánchez 0-0: Fly out, F7 (Line Drive, 7)
Batting: RHB Eddie McDoom 0-0: Called Strike
0-1: Fly out, F8 (Flyball, 8LD)
Bottom of the 8th over - 1 run(s), 2 hit(s), 0 error(s), 1 left on base; Grand Forks 6 - Delaware 3
TOP OF THE 9TH
Grand Forks Caterpillars batting - Pitching for Delaware 1787 BC : RHP Ismael García
Batting: LHB Augustus Driscoll 0-0: Swinging Strike
0-1: Hit by Pitch
Batting: RHB Jorge Noutel 0-0: Ball
1-0: Ball
2-0: Foul Ball, location: 2F
2-1: Called Strike
2-2: Foul Ball, location: 2F
2-2: Foul Ball, location: 2F
2-2: Strikes out swinging
Batting: LHB Alberto Garza 0-0: 2-RUN HOME RUN (Flyball, 7D), Distance : 361 ft
Batting: SHB Leo Szilard 0-0: Ball
1-0: SINGLE (Line Drive, 4D)
Batting: LHB Gary Malone 0-0: Swinging Strike
0-1: Ball
1-1: Foul Ball, location: 2F
1-2: Strikes out swinging
Batting: RHB Joel Burrell 0-0: Ball
1-0: Ball
Leo Szilard steals 2nd base
2-0: Ground out 1-3 (Groundball, 15S)
Top of the 9th over - 2 run(s), 2 hit(s), 0 error(s), 1 left on base; Grand Forks 8 - Delaware 3
BOTTOM OF THE 9TH
Delaware 1787 BC batting - Pitching for Grand Forks Caterpillars : RHP Raúl Flores
Pitching: RHP Jim Unknown
Now at 1B: Carlos Romero
Batting: RHB Cristóbal García 0-0: Called Strike
0-1: Swinging Strike
0-2: Ball
1-2: Ball
2-2: Strikes out looking
Batting: RHB Norberto Rivera 0-0: Foul Ball, location: 2F
0-1: Ball
1-1: Foul Ball, location: 2F
1-2: Ground out 4-3 (Groundball, 4S)
Batting: RHB Kevin Malone 0-0: Called Strike
0-1: Foul Ball, location: 2F
0-2: Strikes out swinging
Bottom of the 9th over - 0 run(s), 0 hit(s), 0 error(s), 0 left on base; Grand Forks 8 - Delaware 3
Monday, March 20th, 2017 - OOTP Baseball 17.12 Build 75